 Dungeon Crawl Stone Soup version 0.30-a0-859-gf88a04b62d (webtiles) character file.

Game seed: 17328481301185031107

15302 retardedninja the Blocker (level 12, -43/97 HPs)
             Began as a Gnoll Fighter on Mar 3, 2023.
             Was an Initiate of Gozag.
             Annihilated by an enormous slime creature (56 damage)
             ... on level 12 of the Dungeon on Mar 6, 2023.
             The game lasted 00:34:45 (18774 turns).

retardedninja the Blocker (Gnoll Fighter)          Turns: 18774, Time: 00:34:47

Health: -43/97     AC: 27    Str: 26    XL:     12   Next: 25%
Magic:  23/23      EV: 10    Int:  8    God:    Gozag
Gold:   1900       SH:  8    Dex: 12    Spells: 25/25 levels left

rFire   . . .      SeeInvis .    l - +8 eveningstar of Profit {heavy, rElec rPois rF-}
rCold   . . .      Faith    .    I - +2 buckler {rF+}
rNeg    . . .      Spirit   .    b - +4 plate armour
rPois   +          Reflect  .    p - +2 helmet
rElec   +          Rampage  .    (no cloak)
rCorr   .                        m - +0 pair of gloves
Will    .....                    (no boots) Stlth
                                 (no amulet)
HPRegen 0.36/turn                n - +4 ring of protection
MPRegen 0.18/turn                y - +6 ring of strength

@: no status effects
A: fangs 1, strong nose, distributed training
a: Renounce Religion, Potion Petition, Call Merchant, Bribe Branch


You were on level 12 of the Dungeon.
You worshipped Gozag.
Gozag was most pleased with you.
You visited 2 branches of the dungeon, and saw 13 of its levels.
You also visited: Sewer.

You collected 2651 gold pieces.
You spent 660 gold pieces at shops.
You paid 91 gold pieces to Gozag.

Inventory:

Hand Weapons
 l - the +8 eveningstar of Profit (weapon) {heavy, rElec rPois rF-}
   (You found it on level 11 of the Dungeon)

   rF:        It makes you vulnerable to fire.
   rElec:     It insulates you from electricity.
   rPois:     It protects you from poison.
Missiles
 e - 2 silver boomerangs
 h - 3 throwing nets
 j - 5 boomerangs (quivered)
Armour
 b - a +4 plate armour (worn)
 m - a +0 pair of gloves (worn)
 p - a +2 helmet (worn)
 I - a +2 buckler of fire resistance (worn)
Jewellery
 d - a ring of flight
 n - a +4 ring of protection (left hand)
 s - a +4 ring of protection
 v - an amulet of regeneration
 y - a +6 ring of strength (right hand)
 D - a +6 ring of strength
 J - a ring of see invisible
Wands
 a - a wand of roots (1)
 t - a wand of digging (4)
 C - a wand of polymorph (2)
 G - a wand of charming (7)
Scrolls
 f - a scroll of immolation
 g - 2 scrolls of magic mapping
 i - a scroll of noise
 q - a scroll of vulnerability
 A - 4 scrolls of amnesia
Potions
 c - 2 potions of lignification {unknown}
 k - 4 potions of resistance
 o - 3 potions of mutation
 r - 2 potions of flight
 u - a potion of ambrosia
 x - 3 potions of brilliance
 H - 2 potions of curing


   Skills:
 + Level 9.9 Fighting
 + Level 7.4 Short Blades
 + Level 7.4 Long Blades
 + Level 7.4 Axes
 + Level 8.8 Maces & Flails
 + Level 7.4 Polearms
 + Level 7.4 Staves
 + Level 7.4 Ranged Weapons
 + Level 7.4 Throwing
 + Level 9.9 Armour
 + Level 7.4 Dodging
 + Level 7.4 Stealth
 + Level 9.9 Shields
 + Level 7.4 Unarmed Combat
 + Level 7.4 Spellcasting
 + Level 6.1 Conjurations
 + Level 6.1 Hexes
 + Level 6.1 Summonings
 + Level 6.1 Necromancy
 + Level 6.1 Translocations
 + Level 6.1 Transmutations
 + Level 6.1 Fire Magic
 + Level 6.1 Ice Magic
 + Level 6.1 Air Magic
 + Level 6.1 Earth Magic
 + Level 6.1 Poison Magic
 + Level 8.1 Invocations
 + Level 7.4 Evocations


You had 25 spell levels left.
You didn't know any spells.
Your spell library contained the following spells:

 Spells                   Type           Power      Damage    Failure   Level
 Call Canine Familiar     Summ           12%        N/A       50%         3
 Ignite Poison            Fire/Tmut/Pois 12%        N/A       50%         3
 Kindle Blastsparks       Fire/Tloc/Air  24%        2d12      50%         3
 Portal Projectile        Hex/Tloc       24%        N/A       50%         3
 Tukima's Dance           Hex            12%        N/A       50%         3
 Animate Armour           Summ/Erth      24%        N/A       88%         4
 Leda's Liquefaction      Hex/Erth       6%         N/A       88%         4
 Blade Hands              Tmut           6%         N/A       99%         5
 Freezing Cloud           Conj/Ice/Air   6%         6-21      99%         5
 Lee's Rapid Deconstruct  Erth           6%         3d6*      99%         5
 Iron Shot                Conj/Erth      6%         9d2       100%        6
 Statue Form              Tmut/Erth      8%         N/A       100%        6


Dungeon Overview and Level Annotations

Branches:
Dungeon (12/15)            Temple (1/1) D:5            Lair (0/5) D:9
    Orc (0/2) D:11          Sewer (visited)

Altars:
Ashenzari
Cheibriados
Dithmenos
Elyvilon
Fedhas
Gozag
Hepliaklqana
Kikubaaqudgha
Makhleb
Nemelex Xobeh
Okawaru
Qazlal
Ru
Sif Muna
Trog
Uskayaw
Vehumet
Wu Jian
Xom
Yredelemnul
Zin
The Shining One

Shops:
D:4 [   D:7 [*::*

Annotations:
D:6 1 runed translucent door, Darkkill's ghost, novice MiHu
D:11 3 runed translucent doors


Innate Abilities, Weirdness & Mutations

You have very sharp teeth.
Your uncanny sense of smell can sniff out nearby items.
Your experience applies equally to all skills.


Message History

You open the door.
Found an escape hatch in the floor.
There is an open door here.
You open the large door.
Found a scroll of vulnerability.
There is a large open door here.
Key pressed, stopping explore.
No target in view! 2 slime creatures come into view.
There are monsters nearby! 2 slime creatures come into view.
The slime creature quivers.
Two slime creatures merge to form a large slime creature.
Two slime creatures merge to form a large slime creature.
The large slime creature hits you!!
You sock the large slime creature! You bite the large slime creature.
The large slime creature is lightly wounded.
The large slime creature hits you but does no damage.
The large slime creature closely misses you.
You barely miss the large slime creature.
You bite the large slime creature.
The large slime creature is lightly wounded.
Two slime creatures merge to form an enormous slime creature.
You are confused.
You feel invigorated.
The enormous slime creature barely misses you.
Unknown command.
You're too confused to move!
You feel less invigorated.
You feel less confused. The enormous slime creature hits you!!!
Ouch! That really hurt!
* * * LOW HITPOINT WARNING * * *
Unknown command.
You flatten the enormous slime creature like a pancake!!!
The enormous slime creature is moderately wounded.
You block the enormous slime creature's attack.
The enormous slime creature hits you!!!
Ouch! That really hurt!
You die...
Your body crumbles into a pile of gold.

..##+## ......
.....# #....#
#....# #....#
.#########....#
.......J@.....#
.....######...#
... ##.
#....#...#####...
#...?'.........#
∆#....'.........#
#....#.........#
#....#.........##
.######..........#
.................#


You could see an enormous slime creature.

Vanquished Creatures
  An entropy weaver (shapeshifter) (D:5)
  Harold (D:9)
  2 boulder beetles
  A deep troll earth mage (D:11)
  2 two-headed ogres
  Lodul (D:10)
  Pikel (D:9)
  A gargoyle (D:11)
  An unseen horror (D:11)
  A kobold demonologist (D:9)
  3 trolls
  A queen bee (D:11)
  3 yaks (D:11)
  2 shadows
  A vampire (D:9)
  2 basilisks (D:11)
  Grum (D:9)
  2 steam dragons
  3 wargs (D:8)
  3 acid dragons
  Duvessa (D:5)
  A water moccasin (D:6)
  Pargi (Sewer)
  2 ice beasts
  A sky beast (D:8)
  3 orc warriors
  A black bear (D:6)
  9 ogres
  2 wolves (D:9)
  8 centaurs
  A phantom (D:6)
  2 kobold brigands
  A bullfrog (D:7)
  4 scorpions
  2 gnoll sergeants
  A water moccasin zombie (D:4)
  4 wights (D:6)
  Dowan (D:5)
  24 killer bees
  8 howler monkeys
  5 hounds
  7 orc priests
  6 iguanas
  3 jellies
  A sleepcap (D:5)
  2 gnoll boudas
  A scorpion zombie (D:4)
  9 orc wizards
  Natasha (thrice) (D:2)
  A hound zombie (D:4)
  Robin (D:2)
  A howler monkey zombie (D:4)
  4 adders
  15 gnolls
  2 shadow imps
  A white imp (D:7)
  3 ufetubi
  An adder zombie (D:4)
  A worm (D:2)
  4 dart slugs
  47 orcs
  7 ball pythons
  10 bats
  9 endoplasms
  4 giant cockroaches
  13 goblins
  10 hobgoblins
  6 jackals
  11 kobolds
  3 quokkas
  A frilled lizard (D:1)
  5 rats
  A bush (D:6)
308 creatures vanquished.

Vanquished Creatures (collateral kills)
  A kobold brigand (D:9)
1 creature vanquished.

Vanquished Creatures (others)
  An ogre (D:9)
  A killer bee (D:9)
  A jelly (D:9)
  A gnoll (D:8)
4 creatures vanquished.

Grand Total: 313 creatures vanquished

Notes
Turn   | Place    | Note
-------+----------+-------------------------------------------
     0 | D:1      | retardedninja the Gnoll Fighter began the quest for the
                  | Orb.
     0 | D:1      | Reached XP level 1. HP: 23/23 MP: 1/1
   209 | D:1      | Reached XP level 2. HP: 29/29 MP: 2/2
   693 | D:1      | Reached XP level 3. HP: 35/35 MP: 3/3
   959 | D:2      | Noticed Natasha
   967 | D:2      | Killed Natasha
   968 | D:2      | Reached skill level 1 in Short Blades
   968 | D:2      | Reached skill level 1 in Long Blades
   968 | D:2      | Reached skill level 1 in Axes
   968 | D:2      | Reached skill level 1 in Polearms
   968 | D:2      | Reached skill level 1 in Staves
   968 | D:2      | Reached skill level 1 in Ranged Weapons
   968 | D:2      | Reached skill level 1 in Throwing
   968 | D:2      | Reached skill level 1 in Dodging
   968 | D:2      | Reached skill level 1 in Stealth
   968 | D:2      | Reached skill level 1 in Unarmed Combat
   968 | D:2      | Reached skill level 1 in Spellcasting
   968 | D:2      | Reached skill level 1 in Invocations
   968 | D:2      | Reached skill level 1 in Evocations
  1109 | D:2      | Reached XP level 4. HP: 41/41 MP: 5/5
  1238 | D:2      | Noticed Natasha
  1257 | D:2      | Killed Natasha
  1258 | D:2      | Reached skill level 1 in Conjurations
  1258 | D:2      | Reached skill level 1 in Hexes
  1258 | D:2      | Reached skill level 1 in Summonings
  1258 | D:2      | Reached skill level 1 in Necromancy
  1258 | D:2      | Reached skill level 1 in Translocations
  1258 | D:2      | Reached skill level 1 in Transmutations
  1258 | D:2      | Reached skill level 1 in Fire Magic
  1258 | D:2      | Reached skill level 1 in Ice Magic
  1258 | D:2      | Reached skill level 1 in Air Magic
  1258 | D:2      | Reached skill level 1 in Earth Magic
  1258 | D:2      | Reached skill level 1 in Poison Magic
  1272 | D:2      | Noticed Natasha
  1275 | D:2      | Killed Natasha
  1276 | D:2      | Reached XP level 5. HP: 41/47 MP: 5/7
  1394 | D:2      | Noticed Robin
  1431 | D:2      | Killed Robin
  1976 | D:3      | Found a faded altar of an unknown god.
  2441 | D:3      | Reached XP level 6. HP: 47/53 MP: 8/8
  2902 | D:4      | Reached skill level 5 in Maces & Flails
  2964 | D:4      | Found a basalt altar of Yredelemnul.
  3164 | D:4      | Reached XP level 7. HP: 60/60 MP: 10/10
  3276 | D:4      | Found Jeptou Hiod's Armour Emporium.
  3972 | D:5      | Entered Level 5 of the Dungeon
  3987 | D:5      | a worm changed into a shapeshifter
  3987 | D:5      | Noticed a shapeshifter (shapeshifter)
  3987 | D:5      | a shapeshifter changed into an entropy weaver
  3987 | D:5      | Noticed an entropy weaver (shapeshifter)
  3992 | D:5      | Killed an entropy weaver
  3993 | D:5      | Reached XP level 8. HP: 36/67 MP: 10/13
  4574 | D:5      | Noticed Duvessa
  4580 | D:5      | Noticed Dowan
  4801 | D:5      | Killed Dowan
  4802 | D:5      | Reached XP level 9. HP: 45/73 MP: 14/14
  4807 | D:5      | Killed Duvessa
  5389 | D:5      | Found a staircase to the Ecumenical Temple.
  5433 | Temple   | Entered the Ecumenical Temple
  5529 | Temple   | Became a worshipper of Gozag Ym Sagoz the Greedy
  6285 | D:6      | Found a snail-covered altar of Cheibriados.
  6285 | D:6      | Found a glowing golden altar of the Shining One.
  6638 | D:6      | Found a glowing drain.
  6648 | Sewer    | Entered a sewer
  6681 | Sewer    | Noticed Pargi
  6691 | Sewer    | Killed Pargi
  6876 | D:6      | Reached skill level 5 in Invocations
  7179 | D:6      | Found a blossoming altar of Fedhas.
  7730 | D:6      | Found a runed translucent door.
  7735 | D:6      | Noticed Darkkill's ghost (novice MiHu)
  7977 | D:7      | Found a shadowy altar of Dithmenos.
  7994 | D:7      | Found Duohod's Book Emporium.
  8228 | D:7      | Found Axer Keo's General Store.
  8249 | D:7      | Bought a scroll of enchant armour for 112 gold pieces
  8249 | D:7      | Bought a scroll of enchant weapon for 112 gold pieces
  8317 | D:7      | Found Doasole's Book Emporium.
  8365 | D:7      | Found Ykhafor's General Store.
  8375 | D:7      | Reached skill level 5 in Short Blades
  8375 | D:7      | Reached skill level 5 in Long Blades
  8375 | D:7      | Reached skill level 5 in Axes
  8375 | D:7      | Reached skill level 5 in Polearms
  8375 | D:7      | Reached skill level 5 in Staves
  8375 | D:7      | Reached skill level 5 in Ranged Weapons
  8375 | D:7      | Reached skill level 5 in Throwing
  8375 | D:7      | Reached skill level 5 in Dodging
  8375 | D:7      | Reached skill level 5 in Stealth
  8375 | D:7      | Reached skill level 5 in Unarmed Combat
  8375 | D:7      | Reached skill level 5 in Spellcasting
  8375 | D:7      | Reached skill level 5 in Evocations
  8375 | D:7      | Reached XP level 10. HP: 68/81 MP: 17/17
  8441 | D:7      | Bought a potion of curing for 42 gold pieces
  8441 | D:7      | Bought a scroll of enchant armour for 105 gold pieces
  8441 | D:7      | Bought a potion of curing for 42 gold pieces
  8449 | D:7      | Found Huylaxt's Antique Armour Shoppe.
  8462 | D:7      | Bought a runed buckler for 247 gold pieces
  9041 | D:8      | Noticed a two-headed ogre
  9045 | D:8      | Killed a two-headed ogre
  9916 | D:8      | Found a glowing silver altar of Zin.
  9927 | D:8      | Found Huiqeon's Assorted Antiques.
 10112 | D:9      | Found a staircase to the Lair.
 10749 | D:9      | Noticed Pikel
 10754 | D:9      | Killed Pikel
 11404 | D:9      | Noticed Grum
 11418 | D:9      | Killed Grum
 11997 | D:10     | Entered Level 10 of the Dungeon
 12073 | D:9      | Reached skill level 5 in Conjurations
 12073 | D:9      | Reached skill level 5 in Hexes
 12073 | D:9      | Reached skill level 5 in Summonings
 12073 | D:9      | Reached skill level 5 in Necromancy
 12073 | D:9      | Reached skill level 5 in Translocations
 12073 | D:9      | Reached skill level 5 in Transmutations
 12073 | D:9      | Reached skill level 5 in Fire Magic
 12073 | D:9      | Reached skill level 5 in Ice Magic
 12073 | D:9      | Reached skill level 5 in Air Magic
 12073 | D:9      | Reached skill level 5 in Earth Magic
 12073 | D:9      | Reached skill level 5 in Poison Magic
 12073 | D:9      | Reached XP level 11. HP: 65/89 MP: 20/20
 12622 | D:10     | Noticed a two-headed ogre
 12674 | D:9      | Killed a two-headed ogre
 12941 | D:10     | Noticed Harold
 13036 | D:9      | Killed Harold
 13727 | D:10     | Found an ancient bone altar of Kikubaaqudgha.
 13727 | D:10     | Found a radiant altar of Vehumet.
 14721 | D:10     | Noticed Lodul
 14731 | D:10     | Killed Lodul
 14953 | D:11     | Noticed a boulder beetle
 15366 | D:11     | Upgraded the game from 0.30-a0-847-g17996783a1 to
                  | 0.30-a0-859-gf88a04b62d
 15887 | D:11     | Killed a boulder beetle
 16905 | D:11     | Found a runed translucent gate.
 16906 | D:11     | Found a runed translucent gate.
 16906 | D:11     | Found a runed translucent gate.
 16907 | D:11     | Noticed a white ugly thing
 16907 | D:11     | Noticed a purple ugly thing
 16907 | D:11     | Noticed a white ugly thing
 16907 | D:11     | Noticed a green ugly thing
 16908 | D:11     | Noticed a glowing orange brain
 16908 | D:11     | Noticed a brown ugly thing
 17110 | D:11     | Noticed a deep troll earth mage
 17120 | D:11     | Killed a deep troll earth mage
 17126 | D:11     | Got the +8 eveningstar of Profit {heavy, rElec rPois rF-}
 17344 | D:10     | Reached XP level 12. HP: 76/97 MP: 22/22
 17711 | D:11     | Found a staircase to the Orcish Mines.
 18489 | D:12     | Noticed a boulder beetle
 18502 | D:12     | Killed a boulder beetle
 18774 | D:12     | Annihilated by an enormous slime creature

Illustrated notes

Levels and vault maps discovered:
D:1:      matt_arrival_refuge, layout_loops_corners
D:2:      layout_basic, uniq_robin, uniq_natasha
D:3:      layout_loops_ring, hellmonk_ecumenical_altar_dog_temple,
          minmay_bisected
D:4:      layout_loops_corners, nicolae_yredelemnul_corpse_copse, serial_shops,
          nicolae_lakefront_shop
D:5:      layout_rooms, minmay_temple_entry_glass, st_stairs_10, uniq_duvessa
D:6:      layout_gridville, gammafunk_temple_overflow_pools,
          fedhas_bush_and_centaur_altar, portal_sewer_entry_d,
          ebering_ghost_reflecting_pool, grunt_ministairs_2
D:7:      layout_cave_pools, nicolae_dithmenos_through_a_glass_darkly,
          serial_shops, shop, nicolae_shop_temple_entry_statues_fountains,
          shop_coins, shop, nicolae_diamond_shop, serial_column_ruins,
          column_ruins_columns_straight, column_ruins_grid_2,
          column_ruins_open_small_water, column_ruins_grid_3,
          column_ruins_grid_1, column_ruins_columns_T, column_ruins_grid_1
D:8:      layout_cave_pods, mainiacjoe_overflow_tiny_flanked, serial_shops,
          nicolae_shop_behind_doors, grunt_ministairs_15
D:9:      layout_basic, erik_lair_orcish_takeover, uniq_pikel, uniq_grum
D:10:     layout_cave_pools, mainiacjoe_overflow_divided_tiny,
          grunt_ministairs_11, minmay_between, uniq_harold, uniq_lodul
D:11:     minmay_roctagon, layout_cave_pools, hiddenorc1_lemuel, special_room
          [special_room_bee], ploomutoo_gammafunk_ghost_potion_laboratory
D:12:     layout_irregular_city, zin_treasury
Temple:   jpeg_temple_clearing

Skill      XL: |  1  2  3  4  5  6  7  8  9 10 11 12 |
---------------+-------------------------------------+-----
Short Blades   | 1 2 3 5 6 7 |  7.4
Long Blades    | 1 2 3 5 6 7 |  7.4
Axes           | 1 2 3 5 6 7 |  7.4
Polearms       | 1 2 3 5 6 7 |  7.4
Staves         | 1 2 3 5 6 7 |  7.4
Ranged Weapons | 1 2 3 5 6 7 |  7.4
Throwing       | 1 2 3 5 6 7 |  7.4
Dodging        | 1 2 3 5 6 7 |  7.4
Stealth        | 1 2 3 5 6 7 |  7.4
Unarmed Combat | 1 2 3 5 6 7 |  7.4
Spellcasting   | 1 2 3 5 6 7 |  7.4
Invocations    | 1 2 3 4 5 6 7 8 |  8.1
Evocations     | 1 2 3 5 6 7 |  7.4
Conjurations   | 1 2 3 4 5 6 |  6.1
Hexes          | 1 2 3 4 5 6 |  6.1
Summonings     | 1 2 3 4 5 6 |  6.1
Necromancy     | 1 2 3 4 5 6 |  6.1
Translocations | 1 2 3 4 5 6 |  6.1
Transmutations | 1 2 3 4 5 6 |  6.1
Fire Magic     | 1 2 3 4 5 6 |  6.1
Ice Magic      | 1 2 3 4 5 6 |  6.1
Air Magic      | 1 2 3 4 5 6 |  6.1
Earth Magic    | 1 2 3 4 5 6 |  6.1
Poison Magic   | 1 2 3 4 5 6 |  6.1
Maces & Flails | 5 6 7 8 |  8.8
Fighting       | 7 8 9 |  9.9
Armour         | 7 8 9 |  9.9
Shields        | 7 8 9 |  9.9

Action                     |  1- 3 |  4- 6 |  7- 9 | 10-12 || total
---------------------------+-------+-------+-------+-------++-------
  Melee: Flail             |    71 |   212 |   330 |   373 ||   986
         Bite              |     3 |    18 |    50 |    55 ||   126
         Eveningstar       |       |       |       |    98 ||    98
  Throw: Boomerang         |     6 |       |     7 |       ||    13
  Evoke: Wand              |       |       |    14 |    31 ||    45
    Use: Potion            |       |     4 |     2 |    16 ||    22
         Scroll            |       |     4 |    16 |    18 ||    38
   Stab: Distracted        |       |       |     1 |     1 ||     2
 Armour: Scale mail        |    40 |    39 |       |       ||    79
         Chain mail        |       |    84 |   179 |       ||   263
         Plate armour      |       |       |    43 |   613 ||   656
  Dodge: Dodged            |    34 |    81 |   160 |   359 ||   634
  Block: Buckler           |    22 |    66 |   116 |   348 ||   552

Table legend: (Time is in decaauts)
 A = Elapsed time spent in this place.
 B = Non-inter-level travel time spent in this place.
 C = Inter-level travel time spent in this place.
 D = Time resting spent in this place.
 E = Time spent auto-exploring this place.
 F = Levels seen in this place.
 G = Mean time per level.
                   A        B        C        D        E       F      G
               +--------+--------+--------+--------+--------+-----+--------+
         Total |  19118 |  18698 |    420 |   8339 |   6557 |  14 | 1365.6 |
       Dungeon |  18751 |  18361 |    390 |   8239 |   6422 |  12 | 1562.6 |
        Temple |    164 |    134 |     30 |      0 |    118 |   1 |  164.0 |
         Sewer |    202 |    202 |      0 |    100 |     17 |   1 |  202.0 |
               +--------+--------+--------+--------+--------+-----+--------+

Top non-repeatable levels by time:
     D:9: 3425 daAuts
    D:11: 2655 daAuts
    D:10: 2046 daAuts
     D:8: 1795 daAuts
     D:6: 1715 daAuts
     D:4: 1675 daAuts
     D:5: 1573 daAuts
     D:3: 1121 daAuts
     D:1: 967 daAuts
     D:2: 807 daAuts
     D:7: 678 daAuts
    D:12: 292 daAuts
   Sewer: 202 daAuts
  Temple: 164 daAuts
